Map: El Dorado

Players

Jethreetwo

  • Race: Terran Terran
  • League: Diamond
  • Spawn Location: 7:00

wootwoot - Winner!

  • Race: Zerg Zerg
  • League: Diamond
  • Spawn Location: 5:00

VOD

Have the link to the VOD?

Description

Time

  • Played on: April 2, 2025, 4:11 p.m.
  • Length: 3:40
Show
View Real Time Build Order
Export as new Build Order

Jethreetwo Terran 

Build Orders:  

Get SALT Encoding   

  12  0:00  SCV  
  13  0:12  SCV  
  14  0:19  Supply Depot  
  14  0:24  SCV  
  15  0:41  SCV  
  15  0:42  Barracks  
  16  0:46  Refinery  
  16  0:53  SCV  
  16  0:56  Refinery  
  17  1:05  SCV  
  18  1:17  SCV  
  19  1:32  Orbital Command, Reaper  
  19  1:35  Supply Depot  
  20  1:44  Factory  
  20  1:58  SCV  
  21  2:05  Reaper  
  22  2:22  Command Center  
  22  2:23  SCV  
  23  2:30  Hellion  
  23  2:35  SCV  
  26  2:44  Starport  
  26  2:46  Reaper  
  27  2:52  SCV  
  27  2:54  Hellion  
  30  3:14  SCV  
  30  3:16  Factory Tech Lab  
  31  3:32  Supply Depot  
Show
View Real Time Build Order
Export as new Build Order

wootwoot Zerg - Winner!

Build Orders: Hatch First 

Get SALT Encoding   

  12  0:01  Drone  
  13  0:13  Overlord  
  13  0:17  Drone  
  14  0:32  Drone x2  
  16  0:49  Hatchery  
  15  0:52  Drone  
  15  0:55  Drone  
  17  0:58  Drone  
  17  1:00  Extractor  
  17  1:16  Spawning Pool  
  16  1:18  Drone  
  16  1:21  Drone  
  18  1:30  Drone  
  19  1:39  Overlord  
  19  2:02  Metabolic Boost  
  19  2:06  Queen x2  
  23  2:09  Zergling x2  
  23  2:12  Zergling x2  
  23  2:15  Zergling x2  
  26  2:22  Zergling x2  
  27  2:23  Zergling x2  
  27  2:26  Zergling x2  
  29  2:46  Drone  
  29  2:48  Baneling Nest  
  29  2:53  Zergling x8  
  33  3:04  Zergling x4  
  35  3:08  Zergling x2  
  35  3:12  Zergling x2  
Tags
 
Matchup
TvZ
Replay Pack
B2M-Replays
Spawn Locations
Close Positions
Add a new tag
Caveats
  • Supply blocks, unpowered buildings, or Contaminate may cause inaccurate times.
  • Supply counts are checked every 10 seconds.